Map: [ESL] Radhuset Station

Players

AqueroN

  • Race: Terran Terran
  • Spawn Location: 1:00

ShoWTimE - Winner!

  • Race: Protoss Protoss
  • Spawn Location: 7:00

Event: ESL SC2 Masters 2023 Winter (Regional)

VOD

Have the link to the VOD?

Description

Time

  • Played on: Nov. 1, 2023, 2:07 p.m.
  • Length: 6:21

All games in this series

Show
View Real Time Build Order
Export as new Build Order

AqueroN Terran 

Build Orders: 2 Factory, Cyclone Opening 

Get SALT Encoding   

  12  0:00  SCV  
  13  0:12  SCV  
  14  0:17  Supply Depot  
  14  0:24  SCV  
  15  0:29  Refinery  
  15  0:39  SCV  
  16  0:46  Barracks  
  16  0:51  SCV  
  17  1:03  SCV  
  18  1:15  SCV  
  19  1:18  Engineering Bay  
  19  1:33  Marine  
  19  1:34  Orbital Command  
  20  1:42  Factory  
  20  1:51  Refinery  
  20  1:52  Barracks Reactor  
  20  1:59  Supply Depot  
  20  2:00  SCV  
  21  2:14  Factory  
  21  2:17  SCV  
  22  2:25  Barracks Reactor  
  22  2:29  SCV  
  23  2:32  Supply Depot  
  23  2:33  Cyclone  
  25  2:41  SCV  
  26  2:53  SCV  
  26  2:58  Cyclone  
  29  3:05  SCV  
  29  3:12  Cyclone x2  
  34  3:13  Supply Depot  
  34  3:31  Factory Reactor  
  34  3:37  Supply Depot  
  34  3:44  Cyclone x2  
  38  3:56  SCV  
  38  3:59  Supply Depot  
  39  4:08  Cyclone x2, SCV  
  44  4:16  Cyclone x2  
  48  4:40  Cyclone x2  
  48  4:42  SCV  
  49  4:55  Cyclone x2  
  53  5:12  Cyclone  
  54  5:30  Cyclone  
  52  5:35  Cyclone  
Show
View Real Time Build Order
Export as new Build Order

ShoWTimE Protoss - Winner!

Build Orders: Blink Stalkers 

Get SALT Encoding   

  12  0:00  Probe  
  13  0:12  Probe  
  14  0:19  Pylon  
  14  0:24  Probe  
  15  0:37  Probe (Chrono Boost)  
  15  0:38  Gateway  
  16  0:46  Probe (Chrono Boost)  
  16  0:47  Assimilator  
  17  0:51  Probe  
  18  1:03  Probe  
  19  1:15  Probe  
  20  1:27  Cybernetics Core  
  20  1:28  Probe  
  21  1:49  Nexus  
  21  1:51  Pylon  
  21  1:53  Probe  
  22  2:00  Assimilator  
  22  2:05  Probe, Warp Gate  
  23  2:10  Adept (Chrono Boost)  
  25  2:17  Probe  
  26  2:29  Probe  
  27  2:31  Stalker (Chrono Boost)  
  29  2:42  Probe  
  30  2:44  Twilight Council  
  30  2:54  Probe  
  31  3:01  Stalker  
  31  3:03  Shield Battery  
  31  3:05  Probe  
  34  3:06  Probe  
  35  3:14  Gateway  
  35  3:17  Probe  
  35  3:19  Blink (Chrono Boost)  
  36  3:20  Probe  
  37  3:33  Probe  
  38  3:35  Shield Battery  
  38  3:37  Probe  
  39  3:44  Pylon  
  39  3:47  Probe  
  40  3:49  Probe  
  40  3:54  Stalker  
  42  3:59  Probe  
  42  4:02  Probe  
  44  4:05  Gateway  
  44  4:09  Stalker  
  46  4:13  Probe  
  46  4:14  Probe  
  48  4:19  Stalker  
  48  4:22  Pylon  
  50  4:35  Stalker  
  50  4:37  Probe x2  
  54  4:40  Robotics Facility  
  54  4:42  Stalker  
  56  4:46  Pylon  
  56  4:53  Probe x2  
  56  4:59  Stalker x2  
  60  5:02  Assimilator  
  60  5:05  Probe  
  61  5:15  Stalker  
  61  5:17  Probe x2  
  61  5:20  Pylon  
  65  5:22  Stalker x2  
  69  5:38  Nexus  
  69  5:40  Stalker  
  67  5:44  Probe  
  67  5:45  Stalker x2  
  72  5:50  Probe  
  72  5:52  Pylon  
  77  6:09  Stalker  
  73  6:13  Stalker x2  
Tags
 
Add a new tag
Caveats
  • Supply blocks, unpowered buildings, or Contaminate may cause inaccurate times.
  • Supply counts are checked every 10 seconds.